Map: Disco Bloodbath LE

Players

TurkeyDano

  • Race: Protoss Protoss
  • Spawn Location: 9:00

SKillous - Winner!

  • Race: Protoss Protoss
  • Spawn Location: 3:00

VOD

Have the link to the VOD?

Description

Time

  • Played on: Sept. 6, 2019, 1:44 p.m.
  • Length: 4:10
Show
View Real Time Build Order
Export as new Build Order

TurkeyDano Protoss 

Build Orders:  

Get SALT Encoding   

  1  0:00  Probe  
  12  0:04  Probe  
  14  0:16  Pylon  
  15  0:21  Probe  
  15  0:34  Probe  
  16  0:37  Forge  
  16  0:57  Probe  
  17  1:07  Pylon  
  17  1:08  Pylon  
  17  1:09  Pylon  
  17  1:24  Pylon  
  17  1:25  Photon Cannon  
  16  1:41  Pylon  
  16  1:42  Pylon  
  16  1:48  Probe  
  17  2:09  Probe  
  18  2:18  Gateway  
  18  2:19  Pylon  
  18  2:23  Photon Cannon  
  18  2:31  Photon Cannon  
  18  2:32  Pylon  
  18  2:36  Probe  
  18  2:43  Photon Cannon  
  18  2:52  Pylon  
  18  2:57  Zealot  
  18  2:58  Pylon  
  18  2:59  Pylon  
  18  3:03  Probe  
  20  3:15  Probe  
  23  3:35  Photon Cannon  
  20  3:56  Pylon  
  20  3:58  Pylon  
Show
View Real Time Build Order
Export as new Build Order

SKillous Protoss - Winner!

Build Orders:  

Get SALT Encoding   

  12  0:00  Probe  
  13  0:13  Probe  
  14  0:17  Pylon  
  14  0:25  Probe  
  15  0:34  Probe  
  15  0:35  Gateway  
  15  0:42  Probe  
  16  0:47  Assimilator  
  17  0:52  Probe  
  17  0:56  Assimilator  
  18  1:04  Probe  
  19  1:13  Zealot  
  19  1:16  Probe  
  22  1:30  Pylon  
  22  1:39  Probe  
  23  2:00  Probe  
  24  2:09  Cybernetics Core  
  24  2:14  Probe  
  25  2:26  Probe  
  26  2:31  Assimilator  
  26  2:39  Assimilator  
  26  2:40  Probe  
  26  2:41  Stalker  
  29  3:03  Stalker  
  29  3:09  Pylon  
  31  3:26  Pylon  
  31  3:33  Stalker  
  33  3:49  Robotics Facility  
  33  3:50  Robotics Facility  
Tags
 
Add a new tag
Caveats
  • Supply blocks, unpowered buildings, or Contaminate may cause inaccurate times.
  • Supply counts are checked every 10 seconds.